 Dungeon Crawl Stone Soup version 0.32-a0-876-gcfddb08e57 (webtiles) character file.

Game seed: 2813637827635010133

2158 Foxy the Cutter (level 9, -2/69 HPs)
             Began as a Coglin Brigand on Apr 1, 2024.
             Was an Initiate of Gozag.
             Slain by a gnoll
             ... wielding a +0 flail
             ... led by a gnoll sergeant
              (4 damage)
             ... on level 7 of the Dungeon.
             The game lasted 00:10:11 (6263 turns).

Foxy the Cutter (Coglin Brigand)                    Turns: 6263, Time: 00:10:11

Health: -2/69      AC:  7    Str:  6    XL:     9   Next: 31%
Magic:  9/9        EV: 14    Int: 15    God:    Gozag
Gold:   873        SH:  0    Dex: 20    Spells: 4/8 levels left

rFire   . . .        B - +3 dagger {Bozidara}
rCold   . . .        a - +2 dagger {Matsuko}
rNeg    . . .        A - +3 robe "Itoeriol" {Rampage rPois Str-5 Int+4}
rPois   +            u - +0 hat {Will+}
rElec   .            c - +0 cloak
rCorr   .            (no gloves)
SInv    .            s - +0 pair of boots
Will    +....        (amulet unavailable)
Stlth   +++          (ring unavailable)
HPRegen 0.31/turn    (ring unavailable)
MPRegen 0.11/turn    (no gizmo)

%: rampage
@: gold aura, invisible, revving
A: off-hand wielding, slow wielding, warmup strikes, no jewellery
a: Invent Gizmo, Renounce Religion, Potion Petition, Call Merchant, Bribe Branch


You were on level 7 of the Dungeon.
You worshipped Gozag.
Gozag was pleased with you.
You visited 2 branches of the dungeon, and saw 8 of its levels.
You also visited: Ossuary.

You collected 952 gold pieces.
You paid 79 gold pieces to Gozag.

Inventory:

Hand Weapons
 a - a +2 dagger (offhand) {Matsuko}
 r - a +0 rapier {Hong}
 B - a +3 dagger (weapon) {Bozidara}
Missiles
 d - 12 poisoned darts (quivered)
 e - 3 curare-tipped darts
 h - a throwing net
Armour
 c - a +0 cloak (worn)
 s - a +0 pair of boots (worn)
 u - a +0 hat of willpower (worn)
 A - the +3 robe "Itoeriol" (worn) {Rampage rPois Str-5 Int+4}
   (You found it on level 6 of the Dungeon)

   Str-5:     It affects your strength (-5).
   Int+4:     It affects your intelligence (+4).
   rPois:     It protects you from poison.
   Rampage:   It bestows one free step when moving towards enemies.
 C - a +2 robe of resistance
Wands
 f - a wand of mindburst (4)
Scrolls
 g - 6 scrolls of teleportation
 k - 3 scrolls of silence
 l - 2 scrolls of amnesia
 n - 5 scrolls of immolation
 v - 3 scrolls of poison
 y - a scroll of identify
Potions
 i - 2 potions of lignification
 j - a potion of heal wounds {unknown}
 m - 2 potions of curing
 o - a potion of brilliance
 p - 2 potions of mutation
 t - a potion of enlightenment {unknown}
 w - a potion of berserk rage {unknown}
 x - 2 potions of magic {unknown}
 z - 2 potions of attraction {unknown}


   Skills:
 + Level 5.6 Fighting
 * Level 7.1 Short Blades
 - Level 1.7 Throwing
 + Level 4.9 Dodging
 + Level 5.9 Stealth


You had 4 spell levels left.
You knew the following spells:

 Your Spells              Type           Power      Damage    Failure   Level
a - Apportation           Tloc           0%         N/A       26%         1
b - Confusing Touch       Hex            0%         N/A       63%         3

Your spell library contained the following spells:

 Spells                   Type           Power      Damage    Failure   Level
 Necrotise                Necr           0%         1d4       26%         1
 Slow                     Hex            0%         N/A       26%         1
 Sting                    Conj/Alch      0%         1d3       26%         1
 Summon Small Mammal      Summ           0%         N/A       26%         1
 Call Imp                 Summ           0%         N/A       38%         2
 Mercury Vapours          Alch/Air       0%         N/A       38%         2
 Sublimation of Blood     Necr           0%         N/A       38%         2
 Mephitic Cloud           Conj/Alch/Air  0%         N/A       63%         3
 Passwall                 Erth           0%         N/A       63%         3
 Vampiric Draining        Necr           0%         2d6       63%         3
 Volatile Blastmotes      Fire/Tloc      0%         2d10      63%         3
 Vhi's Electric Charge    Tloc/Air       0%         N/A       95%         4
 Freezing Cloud           Conj/Ice/Air   0%         6-21      100%        5
 Bombard                  Conj/Erth      0%         9d1       100%        6
 Summon Hydra             Summ           0%         N/A       100%        7


Dungeon Overview and Level Annotations

Branches:
Dungeon (7/15)             Temple (1/1) D:4         Ossuary (visited)

Altars:
Ashenzari
Dithmenos
Elyvilon
Fedhas
Gozag
Hepliaklqana
Kikubaaqudgha
Makhleb
Okawaru
Qazlal
Ru
Sif Muna
Trog
Uskayaw
Vehumet
Wu Jian
Yredelemnul
Zin
The Shining One


Innate Abilities, Weirdness & Mutations

You can wield a second weapon in your off-hand.
It takes a long time for you to wield or remove held weapons.
Your first few attacks do less damage.
You cannot equip rings or amulets.


Message History

The gnoll hits you from afar with a +1 spear of pain.
The gnoll sergeant hits you with a +0 spear.
You hit the gnoll sergeant with your +3 dagger.
The gnoll sergeant is heavily wounded.
You hit the gnoll sergeant with your +2 dagger.
The gnoll closely misses you. The gnoll barely misses you.
The gnoll completely misses you. The gnoll sergeant closely misses you.
You hit the gnoll sergeant but do no damage.
The gnoll sergeant is severely wounded.
You hit the gnoll sergeant but do no damage.
Unknown command.
You hit the gnoll sergeant with your +2 dagger.
The gnoll sergeant is severely wounded.
You hit the gnoll sergeant with your +3 dagger.
The gnoll misses you. The gnoll hits you with a +0 spear.
The gnoll hits you from afar with a +1 spear of pain!
The gnoll sergeant barely misses you.
Unknown command.
You are too injured to fight recklessly!
You are too injured to fight recklessly!
Unknown command.
Unknown command.
You are too injured to fight recklessly!
The gnoll misses you.
The gnoll sergeant hits you with a +0 spear.
The gnoll hits you from afar with a +0 spear.
The gnoll sergeant hits you with a +0 spear.
* * * LOW HITPOINT WARNING * * *
The gnoll sergeant hits you from afar with a +0 spear.
* * * LOW HITPOINT WARNING * * *
A centaur comes into view.
The gnoll attacks as it pursues you! The gnoll barely misses you.
The gnoll attacks as it pursues you! The gnoll hits you with a +0 flail!
* * * LOW HITPOINT WARNING * * *
You fade into invisibility!
The gnoll hits you from afar with a +0 spear!
* * * LOW HITPOINT WARNING * * *
The gnoll hits you with a +0 flail.
You die...
Your body crumbles into a pile of gold.

#.#
#.#####..#####
#.. #..# #..#
#..# #..#
#######..#####
#.....$........
#...g.!#.######
#.@gg..#.#
#c......g..'..#
#.#.#......#..#
# #......#.?#
#......#..#
.####### .# ..
..


You could see a gnoll sergeant (unable to see you), a centaur (asleep, unable to
see you) and 3 gnolls.

Vanquished Creatures
  Prince Ribbit (D:7)
  A steam dragon (D:6)
  Duvessa (D:6)
  3 black bears
  2 ice beasts (D:6)
  A sky beast (D:6)
  An ogre (D:5)
  A centaur (D:6)
  A phantom (D:6)
  An elf zombie (Ossuary)
  A scorpion (D:5)
  Dowan (D:6)
  A howler monkey (D:5)
  3 bombardier beetles
  6 hounds
  A jelly (D:5)
  A human zombie (Ossuary)
  Ijyb (D:4)
  3 iguanas
  A hound zombie (Ossuary)
  4 mummies (Ossuary)
  8 adders
  A gnoll (D:7)
  A shadow imp (D:6)
  2 white imps
  2 ufetubi (D:5)
  2 adder zombies (Ossuary)
  5 dart slugs
  3 ribbon worms
  9 orcs
  5 ball pythons
  6 endoplasms
  4 giant cockroaches
  A gnoll zombie (Ossuary)
  5 goblins
  9 hobgoblins
  4 jackals
  12 kobolds
  5 quokkas
  7 bats
  5 frilled lizards
  3 goblin zombies (Ossuary)
  2 kobold zombies (Ossuary)
  2 quokka zombies (D:6)
  10 rats
  A rat zombie (Ossuary)
150 creatures vanquished.

Notes
Turn   | Place    | Note
-------+----------+-------------------------------------------
     0 | D:1      | Foxy the Coglin Brigand began the quest for the Orb.
     0 | D:1      | Reached XP level 1. HP: 16/16 MP: 1/1
    27 | D:1      | Reached skill level 1 in Dodging
    37 | D:1      | Reached skill level 2 in Short Blades
    84 | D:1      | Reached XP level 2. HP: 20/22 MP: 2/2
   338 | D:1      | Reached XP level 3. HP: 27/27 MP: 3/3
   649 | D:1      | Found a faded altar of an unknown god.
  1142 | D:2      | Reached XP level 4. HP: 34/34 MP: 4/4
  1812 | D:3      | Reached skill level 3 in Short Blades
  2440 | D:4      | Found a staircase to the Ecumenical Temple.
  2448 | Temple   | Entered the Ecumenical Temple
  2457 | Temple   | Became a worshipper of Gozag Ym Sagoz the Greedy
  2529 | D:4      | Noticed Ijyb
  2546 | D:4      | Killed Ijyb
  2547 | D:4      | Reached XP level 5. HP: 22/40 MP: 5/5
  2986 | D:4      | Reached XP level 6. HP: 37/47 MP: 6/6
  3415 | D:5      | Entered Level 5 of the Dungeon
  3583 | D:5      | Reached skill level 4 in Short Blades
  3636 | D:5      | Found a broken altar of Ashenzari.
  3655 | D:5      | Found a hazy altar of Hepliaklqana.
  3797 | D:5      | Noticed a black bear
  3809 | D:5      | Killed a black bear
  3810 | D:5      | Reached XP level 7. HP: 47/53 MP: 7/7
  4290 | D:5      | Reached skill level 5 in Short Blades
  4405 | D:5      | Found a shadowy altar of Dithmenos.
  4406 | D:5      | Found a hide-covered altar of Uskayaw.
  4752 | D:6      | Reached XP level 8. HP: 33/61 MP: 8/8
  4775 | D:6      | Reached skill level 5 in Stealth
  4786 | D:6      | Found a sand-covered staircase.
  4887 | Ossuary  | Entered an ossuary
  5378 | D:6      | Identified the +3 robe "Itoeriol" {Rampage rPois Str-5
                  | Int+4}
  5492 | D:6      | Noticed Duvessa
  5494 | D:6      | Noticed Dowan
  5515 | D:6      | Reached skill level 6 in Short Blades
  5623 | D:6      | Reached skill level 5 in Fighting
  5632 | D:6      | Killed Duvessa
  5647 | D:6      | Killed Dowan
  5878 | D:6      | Reached XP level 9. HP: 49/68 MP: 9/9
  6064 | D:6      | Reached skill level 7 in Short Blades
  6066 | D:6      | Learned a level 1 spell: Apportation
  6070 | D:6      | Learned a level 3 spell: Confusing Touch
  6219 | D:7      | Noticed Prince Ribbit
  6238 | D:7      | Killed Prince Ribbit
  6263 | D:7      | HP: 2/69 [gnoll/+0 spear[a gnoll sergeant] (7)]
  6263 | D:7      | Slain by a gnoll

Illustrated notes

Levels and vault maps discovered:
D:1:      dpeg_arrival_arbitrary_a, layout_loops_ring,
          shapermc_ecumenical_altar_mp_highgroup, chequers_mini_garden
D:2:      layout_basic, nicolae_the_louvre
D:3:      layout_basic, serial_corexii_hall, chequers_hall_statues_y,
          corexii_hall_statues_l
D:4:      layout_loops_corners, minmay_temple_entry_tees, uniq_ijyb
D:5:      layout_basic, mainiacjoe_overflow_concentric_impassable,
          lemuel_crystal_altar, mainiacjoe_overflow_divided_tiny
D:6:      layout_cave_pools, enter_ossuary_4, uniq_duvessa
D:7:      layout_basic, xom_confusion_cloud, uniq_prince_ribbit1, uniq_pikel
Temple:   hellmonk_temple_of_storms

Skill      XL: |  1  2  3  4  5  6  7  8  9 |
---------------+----------------------------+-----
Dodging        | 1 2 3 4 |  4.9
Short Blades   | 2 3 4 5 6 7 |  7.1
Fighting       | 3 4 5 |  5.6
Stealth        | 4 5 |  5.9
Throwing       | |  1.7

Action                     |  1- 3 |  4- 6 |  7- 9 || total
---------------------------+-------+-------+-------++-------
  Melee: Dagger            |   154 |   149 |   327 ||   630
         Rapier            |       |    83 |   196 ||   279
  Throw: Dart              |       |    10 |    17 ||    27
  Evoke: Wand              |       |       |     1 ||     1
    Use: Potion            |       |     3 |     1 ||     4
         Scroll            |       |       |     8 ||     8
   Stab: Sleeping          |    14 |    15 |     5 ||    34
         Distracted        |       |     1 |     1 ||     2
 Armour: Robe              |    43 |    49 |   171 ||   263
         Skin              |       |     9 |       ||     9
  Dodge: Dodged            |    45 |    53 |   229 ||   327

Table legend: (Time is in decaauts)
 A = Elapsed time spent in this place.
 B = Non-inter-level travel time spent in this place.
 C = Inter-level travel time spent in this place.
 D = Time resting spent in this place.
 E = Time spent auto-exploring this place.
 F = Levels seen in this place.
 G = Mean time per level.
                   A        B        C        D        E       F      G
               +--------+--------+--------+--------+--------+-----+--------+
         Total |   6178 |   6015 |    163 |    347 |   4286 |   9 |  686.4 |
       Dungeon |   5751 |   5596 |    155 |    302 |   4058 |   7 |  821.6 |
        Temple |     18 |     10 |      8 |      0 |      0 |   1 |   18.0 |
       Ossuary |    408 |    408 |      0 |     45 |    228 |   1 |  408.0 |
               +--------+--------+--------+--------+--------+-----+--------+

Top non-repeatable levels by time:
     D:5: 1305 daAuts
     D:4: 1035 daAuts
     D:6: 1013 daAuts
     D:1: 1000 daAuts
     D:3: 706 daAuts
     D:2: 634 daAuts
 Ossuary: 408 daAuts
     D:7: 56 daAuts
  Temple: 18 daAuts
